AoeStats
← [spank] Lord of the Spank

Arabia

507552965Analyzed
1v1 RM · 12d ago on Sep 18, 2026· 74m 19s· 2 players
Game mode
Random Map
Map size
Tiny (2 player)
Population
200
Speed
Normal
Resources
Standard
Victory
Conquest
Starting age
Dark Age
Ending age
Imperial Age
RankedLock teamsTeams togetherTeam positionsShared explorationLock speedFull tech treeHidden civsTurbo modeCheats
Victory
Defeat
🇪🇸 Wei · Spain
1077
+15
🇺🇸 Malay · United States
1048
-15
[spank] Lord of the Spank
6:34 Loom
9:20 Feudal Age
9:14 Double-Bit Axe
9:10 Horse Collar
9:47 Double-Bit Axe
14:40 Wheelbarrow
19:22 Castle Age
17:32 Scale Barding Armor
17:38 Forging
17:16 Horse Collar
18:11 Gold Mining
18:26 Town Watch
22:23 Iron Casting
30:17 Husbandry
36:59 Fletching
37:10 Padded Archer Armor
40:26 Imperial Age
39:17 Hand Cart
39:59 Hand Cart
39:47 Town Patrol
40:51 Bow Saw
40:24 Cavalier
42:31 Blast Furnace
42:31 Heavy Plow
42:23 Stone Mining
43:33 Bodkin Arrow
44:03 Conscription
44:26 Gold Shaft Mining
44:31 Pikeman
45:12 Squires
46:09 Crop Rotation
47:01 Halberdier
50:44 Bracer
51:57 Conscription
52:26 Elite Skirmisher
55:21 Thumb Ring
54:56 Light Cavalry
56:06 Leather Archer Armor
58:10 Ring Archer Armor
57:31 Elite Karambit Warrior
60:21 Ballistics
60:13 Masonry
61:04 Chemistry
59:45 Treadmill Crane
61:20 Treadmill Crane
62:48 Chemistry
61:56 Siege Engineers
63:12 Elite Battle Elephant
65:01 Forced Levy
65:41 Man-at-Arms
69:52 Long Swordsman
monk
7:01 Loom
9:23 Feudal Age
10:27 Double-Bit Axe
10:25 Horse Collar
12:47 Wheelbarrow
17:56 Gold Mining
21:45 Castle Age
20:55 Bloodlines
21:02 Scale Barding Armor
20:57 Stone Mining
23:09 Gold Shaft Mining
22:50 Bow Saw
23:23 Husbandry
33:11 Heavy Plow
33:38 Hand Cart
35:16 Chain Barding Armor
37:47 Town Watch
39:10 Stone Shaft Mining
39:50 Tuntian
40:13 Forging
40:38 Fletching
42:23 Ballistics
46:21 Imperial Age
45:22 Iron Casting
45:06 Thumb Ring
45:06 Light Cavalry
45:43 Bodkin Arrow
45:50 Padded Archer Armor
46:42 Heavy Hei Guang Cavalry
47:28 Bracer
50:11 Parthian Tactics
51:24 Blast Furnace
51:30 Leather Archer Armor
52:56 Crop Rotation
53:21 Ring Archer Armor
54:04 Ming Guang Armor
54:01 Conscription
54:19 Hussar
Connection lost

Rejoining the realm…

Still unreachable

The connection could not be restored.

Session expired

The server has moved on; the page needs a fresh start.